ABL
CARLTON BLUES @ EAST SYDNEY ROOSTERS
06/28/2022
 
TOP OF THE 1ST
Carlton Blues batting - Pitching for East Sydney Roosters : RHP Robb Precious
Pitching: RHP Robb Precious
Batting: LHB Cane Walburn 0-0: Ground out 4-3 (Groundball, 4, EV 80.6 MPH)
Batting: RHB Ben Brennan 0-0: SOLO HOME RUN (Line Drive, 78XD, EV 98.8 MPH) (Inside the Park)
Batting: LHB Michael Morrall 0-0: Ball
1-0: Foul Ball, location: 3DF
1-1: Called Strike
1-2: Ball
2-2: Fly out, F7 (Flyball, 7LS, EV 88.1 MPH)
Batting: LHB Chris McFadgean 0-0: Called Strike
0-1: Called Strike
0-2: Ground out 5-3 (Groundball, 5, EV 95.0 MPH)
Top of the 1st over - 1 run, 1 hit, 0 errors, 0 left on base; Carlton 1 - East Sydney 0
BOTTOM OF THE 1ST
East Sydney Roosters batting - Pitching for Carlton Blues : RHP Michael Ferguson
Pitching: RHP Michael Ferguson
Batting: RHB Irving Dorset 0-0: Ball
1-0: Called Strike
1-1: DOUBLE (Flyball, 78XD, EV 98.1 MPH)
Batting: LHB Kole Hancock 0-0: Ball
1-0: Foul Ball, location: 2F
1-1: Fly out, F5 (Popup, 5F, EV 62.5 MPH)
Batting: SHB Daren Simmons 0-0: Swinging Strike
0-1: SINGLE (Line Drive, 7S, EV 91.3 MPH)
Irving Dorset to third
Batting: LHB Tal-hun Uhm 0-0: Called Strike
0-1: Called Strike
0-2: Ball
1-2: Ball
2-2: Strikes out looking
Batting: LHB Cristian Trewhella 0-0: Ball
1-0: Called Strike
1-1: Ball
2-1: Foul Ball, location: 2F
2-2: Ball
3-2: Fly out, F9 (Flyball, 9, EV 86.3 MPH)
Bottom of the 1st over - 0 runs, 2 hits, 0 errors, 2 left on base; Carlton 1 - East Sydney 0
TOP OF THE 2ND
Carlton Blues batting - Pitching for East Sydney Roosters : RHP Robb Precious
Batting: RHB Nick Camira 0-0: Ball
1-0: Ball
2-0: Called Strike
2-1: Ball
3-1: Base on Balls
Batting: LHB Hau Kapena 0-0: Ball
1-0: Ball
2-0: Called Strike
2-1: Ball
3-1: Base on Balls
Nick Camira to second
Batting: LHB Brant Rice 0-0: Ball
1-0: Called Strike
1-1: Ball
2-1: Fielders Choice at 2nd, 3-6 (Groundball, 3, EV 104.4 MPH)
Nick Camira to third
Batting: RHB Donny Creaser 0-0: Ball
1-0: Ball
2-0: Ball
3-0: Base on Balls
Brant Rice to second
Batting: RHB Michael Ferguson 0-0: Ball
1-0: Foul Ball, location: 25F
1-1: Called Strike
1-2: Ball
2-2: Strikes out swinging
Batting: LHB Cane Walburn 0-0: Ground out U3 (Groundball, 34S, EV 85.6 MPH)
Top of the 2nd over - 0 runs, 0 hits, 0 errors, 3 left on base; Carlton 1 - East Sydney 0
BOTTOM OF THE 2ND
East Sydney Roosters batting - Pitching for Carlton Blues : RHP Michael Ferguson
Batting: LHB Cec Chaundler 0-0: Called Strike
0-1: Ball
1-1: Ball
2-1: Foul Ball, location: 3SF
2-2: Foul Ball, location: 2F
2-2: Ball
3-2: Base on Balls
Batting: RHB Joel Nicholson 0-0: Called Strike
0-1: Ball
1-1: Bunt missed!
1-2: Strikes out looking
Batting: RHB Adrian Maccley 0-0: Ball
1-0: Fielders Choice at 2nd, 4-6 (Groundball, 34, EV 103.8 MPH)
Batting: RHB Robb Precious 0-0: Called Strike
0-1: Foul Ball, location: 2F
0-2: Ball
1-2: Strikes out swinging
Bottom of the 2nd over - 0 runs, 0 hits, 0 errors, 1 left on base; Carlton 1 - East Sydney 0
TOP OF THE 3RD
Carlton Blues batting - Pitching for East Sydney Roosters : RHP Robb Precious
Batting: RHB Ben Brennan 0-0: Ball
1-0: Called Strike
1-1: Foul Ball, location: 5FF
1-2: Ball
2-2: Ball
3-2: Base on Balls
Batting: LHB Michael Morrall 0-0: Foul Ball, location: 7LDF
0-1: Ball
1-1: Swinging Strike
1-2: Strikes out swinging
Batting: LHB Chris McFadgean 0-0: DOUBLE (Flyball, 8RXD, EV 108.1 MPH)
Ben Brennan to third
Runner from 3rd tries for Home, SAFE, throw by CF to trailing runner, SAFE at third!
Batting: RHB Nick Camira 0-0: Ground out 6-3 (Groundball, 6M, EV 107.5 MPH)
Chris McFadgean scores
Batting: LHB Hau Kapena 0-0: Ball
1-0: Swinging Strike
1-1: SINGLE (Groundball, 4, EV 100.6 MPH)
Batting: LHB Brant Rice 0-0: Foul Ball, location: 2F
0-1: Ground out 4-3 (Groundball, 4, EV 68.1 MPH)
Top of the 3rd over - 2 runs, 2 hits, 0 errors, 1 left on base; Carlton 3 - East Sydney 0
BOTTOM OF THE 3RD
East Sydney Roosters batting - Pitching for Carlton Blues : RHP Michael Ferguson
Batting: RHB Irving Dorset 0-0: Foul Ball, location: 25FF
0-1: Ground out 4-3 (Groundball, 4D, EV 107.5 MPH)
Batting: LHB Kole Hancock 0-0: Called Strike
0-1: Ball
1-1: Ball
2-1: Swinging Strike
2-2: Ball
3-2: Foul Ball, location: 23F
3-2: SOLO HOME RUN (Flyball, 89XD, EV 106.3 MPH), Distance : 385 ft
Batting: SHB Daren Simmons 0-0: Ground out 4-3 (Groundball, 4, EV 102.5 MPH)
Batting: LHB Tal-hun Uhm 0-0: Foul Ball, location: 5FF
0-1: Swinging Strike
0-2: Ball
1-2: Ball
2-2: Ball
3-2: Fly out, F6 (Popup, 4MD, EV 48.8 MPH)
Bottom of the 3rd over - 1 run, 1 hit, 0 errors, 0 left on base; Carlton 3 - East Sydney 1
TOP OF THE 4TH
Carlton Blues batting - Pitching for East Sydney Roosters : RHP Robb Precious
Batting: RHB Donny Creaser 0-0: Called Strike
0-1: Fly out, F7 (Flyball, 7, EV 89.4 MPH)
Batting: RHB Michael Ferguson 0-0: Ball
1-0: Swinging Strike
1-1: Ball
2-1: Ball
3-1: Swinging Strike
3-2: Foul Ball, location: 25FF
3-2: Foul Ball, location: 23F
3-2: Base on Balls
Batting: LHB Cane Walburn 0-0: DOUBLE (Line Drive, 9LM, EV 96.3 MPH)
Michael Ferguson to third
Batting: RHB Ben Brennan 0-0: Ball
1-0: Called Strike
1-1: Foul Ball, location: 2F
1-2: Foul Ball, location: 9LMF
1-2: Foul Ball, location: 9LMF
1-2: Ball
2-2: Ball
3-2: DOUBLE (Flyball, 89D, EV 98.1 MPH)
Michael Ferguson scores
Cane Walburn scores
Pitching: RHP Johnathon Bradnock
Batting: LHB Michael Morrall 0-0: Called Strike
0-1: Fly out, F8 (Flyball, 8LXD, EV 94.4 MPH)
Runner from 2nd tags up, SAFE at 3rd, no throw by CF
Batting: LHB Chris McFadgean 0-0: Called Strike
0-1: Foul Ball, location: 2F
0-2: Ball
1-2: Foul Ball, location: 7LDF
1-2: Foul Ball, location: 2F
1-2: Ground out U3 (Groundball, 3, EV 109.4 MPH)
Top of the 4th over - 2 runs, 2 hits, 0 errors, 1 left on base; Carlton 5 - East Sydney 1
BOTTOM OF THE 4TH
East Sydney Roosters batting - Pitching for Carlton Blues : RHP Michael Ferguson
Batting: LHB Cristian Trewhella 0-0: Ball
1-0: Called Strike
1-1: Ball
2-1: Foul Ball, location: 2F
2-2: Ball
3-2: Foul Ball, location: 23FF
3-2: Reached on error, E1 (Groundball, 15S, EV 65.0 MPH)
Batting: LHB Cec Chaundler 0-0: Foul Ball, location: 7LMF
0-1: Ball
1-1: Called Strike
1-2: Hit by Pitch
Batting: RHB Joel Nicholson 0-0: Called Strike
0-1: Bunt missed!
0-2: Ball
1-2: Ball
2-2: Fly out, F7 (Flyball, 78M, EV 80.6 MPH)
Batting: RHB Adrian Maccley 0-0: Ball
1-0: Foul Ball, location: 5F
1-1: Swinging Strike
1-2: Ball
2-2: Foul Ball, location: 5F
2-2: Foul Ball, location: 23F
2-2: Ball
3-2: Strikes out swinging
Batting: RHB Johnathon Bradnock 0-0: Called Strike
0-1: Foul Ball, location: 3F
0-2: Strikes out looking
Bottom of the 4th over - 0 runs, 0 hits, 1 error, 2 left on base; Carlton 5 - East Sydney 1
TOP OF THE 5TH
Carlton Blues batting - Pitching for East Sydney Roosters : RHP Johnathon Bradnock
Batting: RHB Nick Camira 0-0: Ball
1-0: Ground out 6-3 (Groundball, 6, EV 85.6 MPH)
Batting: LHB Hau Kapena 0-0: SINGLE (Groundball, 6D, EV 93.8 MPH)
Batting: LHB Brant Rice 0-0: Ball
1-0: Ball
2-0: SINGLE (Groundball, P, EV 88.8 MPH) (infield hit)
Hau Kapena to second
Batting: RHB Donny Creaser 0-0: Called Strike
0-1: Ball
1-1: Grounds into double play, 5-4-3 (Groundball, 5, EV 106.9 MPH)
Top of the 5th over - 0 runs, 2 hits, 0 errors, 1 left on base; Carlton 5 - East Sydney 1
BOTTOM OF THE 5TH
East Sydney Roosters batting - Pitching for Carlton Blues : RHP Michael Ferguson
Batting: RHB Irving Dorset 0-0: Ball
1-0: Ball
2-0: Called Strike
2-1: Called Strike
2-2: SINGLE (Groundball, 6, EV 106.9 MPH) (infield hit)
Batting: LHB Kole Hancock 0-0: DOUBLE (Line Drive, 3D, EV 96.9 MPH)
Irving Dorset to third
Runner from 3rd tries for Home, SAFE, throw by RF to home
Batting: SHB Daren Simmons 0-0: Ball
1-0: Foul Ball, location: 3FF
1-1: Foul Ball, location: 23FF
1-2: Foul Ball, location: 2F
1-2: Ball
2-2: Ball
3-2: SINGLE (Line Drive, 89S, EV 89.4 MPH)
Kole Hancock to third
Batting: LHB Tal-hun Uhm 0-0: Called Strike
0-1: Foul Ball, location: 5SF
0-2: Ball
1-2: Ball
2-2: SINGLE (Line Drive, 34D, EV 68.8 MPH)
Kole Hancock scores
Daren Simmons to second
Runner from 2nd tries for 3rd, SAFE, no throw by RF
Batting: LHB Cristian Trewhella 0-0: Foul Ball, location: 2F
0-1: Called Strike
0-2: Strikes out looking
Batting: LHB Cec Chaundler 0-0: Foul Ball, location: 2F
0-1: Foul Ball, location: 9LMFF
0-2: Ball
1-2: Strikes out swinging
Pitching: RHP Brant Crossingham
Batting: RHB Joel Nicholson 0-0: Foul Ball, location: 2F
0-1: Ball
1-1: Foul Ball, location: 2RF
1-2: Foul Ball, location: 2F
1-2: Ball
2-2: Fielders Choice at 2nd, 6-4 (Groundball, 6, EV 108.1 MPH)
Bottom of the 5th over - 2 runs, 4 hits, 0 errors, 2 left on base; Carlton 5 - East Sydney 3
TOP OF THE 6TH
Carlton Blues batting - Pitching for East Sydney Roosters : RHP Johnathon Bradnock
Pinch Hitting: SHB Terry Heath 0-0: Foul Ball, location: 2F
0-1: Ball
1-1: Called Strike
1-2: Ball
2-2: Strikes out swinging
Batting: LHB Cane Walburn 0-0: Swinging Strike
0-1: SINGLE (Line Drive, 6M, EV 103.8 MPH)
Batting: RHB Ben Brennan 0-0: Ball
1-0: Called Strike
1-1: Ball
2-1: Called Strike
Cane Walburn steals 2nd base
2-2: Fly out, F6 (Popup, 6M, EV 75.0 MPH)
Batting: LHB Michael Morrall 0-0: Ball
1-0: Called Strike
1-1: Foul Ball, location: 2F
1-2: Ball
2-2: Ground out 4-3 (Groundball, 4M, EV 89.4 MPH)
Top of the 6th over - 0 runs, 1 hit, 0 errors, 1 left on base; Carlton 5 - East Sydney 3
BOTTOM OF THE 6TH
East Sydney Roosters batting - Pitching for Carlton Blues : RHP Brant Crossingham
Pitching: LHP Mitch Flegg
Batting: RHB Adrian Maccley 0-0: Fly out, F9 (Flyball, 89D, EV 103.1 MPH)
Pinch Hitting: RHB Ed Halloway 0-0: Ball
1-0: Called Strike
1-1: Swinging Strike
1-2: Ball
2-2: Strikes out swinging
Batting: RHB Irving Dorset 0-0: Ball
1-0: Foul Ball, location: 3SF
1-1: Called Strike
1-2: Ball
2-2: Foul Ball, location: 5DF
2-2: Strikes out looking
Bottom of the 6th over - 0 runs, 0 hits, 0 errors, 0 left on base; Carlton 5 - East Sydney 3
TOP OF THE 7TH
Carlton Blues batting - Pitching for East Sydney Roosters : RHP Johnathon Bradnock
Pitching: LHP Michael Hackford
Batting: LHB Chris McFadgean 0-0: Ball
1-0: Called Strike
1-1: Ground out 6-3 (Groundball, 6, EV 82.5 MPH)
Pitching: RHP Dillon Patel
Batting: RHB Nick Camira 0-0: Called Strike
0-1: Foul Ball, location: 2F
0-2: Ball
1-2: Foul Ball, location: 5F
1-2: Strikes out swinging
Batting: LHB Hau Kapena 0-0: DOUBLE (Line Drive, 78XD, EV 103.1 MPH)
Batting: LHB Brant Rice 0-0: Ball
1-0: Foul Ball, location: 2F
1-1: Ball
2-1: Ball
3-1: Called Strike
3-2: Fly out, F9 (Flyball, 9LM, EV 85.6 MPH)
Top of the 7th over - 0 runs, 1 hit, 0 errors, 1 left on base; Carlton 5 - East Sydney 3
BOTTOM OF THE 7TH
East Sydney Roosters batting - Pitching for Carlton Blues : LHP Mitch Flegg
Batting: LHB Kole Hancock 0-0: Swinging Strike
0-1: Ball
1-1: Foul Ball, location: 2F
1-2: Foul Ball, location: 9LSF
1-2: Foul Ball, location: 5FF
1-2: Ball
2-2: SINGLE (Groundball, 34D, EV 94.4 MPH)
Batting: SHB Daren Simmons 0-0: Ball
1-0: Foul Ball, location: 5DF
1-1: Called Strike
1-2: Foul Ball, location: 23F
1-2: Strikes out swinging
Pinch Hitting: RHB Paul Wise 0-0: Called Strike
0-1: Called Strike
0-2: Ball
1-2: Fielders Choice at 2nd, 6-4 (Groundball, 6M, EV 86.3 MPH)
Batting: LHB Cristian Trewhella 0-0: Ball
1-0: Fly out, F8 (Flyball, 8LD, EV 105.0 MPH)
Bottom of the 7th over - 0 runs, 1 hit, 0 errors, 1 left on base; Carlton 5 - East Sydney 3
TOP OF THE 8TH
Carlton Blues batting - Pitching for East Sydney Roosters : RHP Dillon Patel
Now at 1B: Paul Wise
Batting: RHB Donny Creaser 0-0: Foul Ball, location: 2F
0-1: Called Strike
0-2: Strikes out swinging
Pinch Hitting: RHB Alan Francombe 0-0: Ball
1-0: Ball
2-0: Ball
3-0: Called Strike
3-1: Swinging Strike
3-2: Foul Ball, location: 2F
3-2: Fly out, F8 (Flyball, 8RM, EV 82.5 MPH)
Batting: LHB Cane Walburn 0-0: Ground out 5-3 (Groundball, 56, EV 82.5 MPH)
Top of the 8th over - 0 runs, 0 hits, 0 errors, 0 left on base; Carlton 5 - East Sydney 3
BOTTOM OF THE 8TH
East Sydney Roosters batting - Pitching for Carlton Blues : LHP Mitch Flegg
Pitching: LHP Zain Bolt
Batting: LHB Cec Chaundler 0-0: Ball
1-0: Called Strike
1-1: Ground out 6-3 (Groundball, 6D, EV 83.1 MPH)
Batting: RHB Joel Nicholson 0-0: Foul Ball, location: 9LMFF
0-1: Foul Ball, location: 9LDF
0-2: Ball
1-2: Fly out, F7 (Flyball, 7, EV 93.1 MPH)
Batting: RHB Adrian Maccley 0-0: Ball
1-0: Ball
2-0: Reached on error, E4 (Groundball, 4, EV 80.0 MPH)
Pinch Hitting: LHB Steve O'Dea 0-0: Ground out 4-3 (Groundball, 34, EV 100.0 MPH)
Bottom of the 8th over - 0 runs, 0 hits, 1 error, 1 left on base; Carlton 5 - East Sydney 3
TOP OF THE 9TH
Carlton Blues batting - Pitching for East Sydney Roosters : RHP Dillon Patel
Pitching: RHP John Gripton
Batting: RHB Ben Brennan 0-0: Ball
1-0: Fly out, F2 (Popup, 2L, EV 92.5 MPH)
Batting: LHB Michael Morrall 0-0: Ball
1-0: Called Strike
1-1: Ball
2-1: Foul Ball, location: 9LMF
2-2: Foul Ball, location: 3FF
2-2: Ball
3-2: Fly out, F9 (Line Drive, 9, EV 94.4 MPH)
Batting: LHB Chris McFadgean 0-0: Ball
1-0: Ball
2-0: DOUBLE (Line Drive, 7LS, EV 91.3 MPH)
Batting: RHB Nick Camira 0-0: Called Strike
0-1: Ground out 6-3 (Groundball, 6, EV 110.0 MPH)
Top of the 9th over - 0 runs, 1 hit, 0 errors, 1 left on base; Carlton 5 - East Sydney 3
BOTTOM OF THE 9TH
East Sydney Roosters batting - Pitching for Carlton Blues : LHP Zain Bolt
Pitching: LHP Gerald Cardell
Batting: RHB Irving Dorset 0-0: Ball
1-0: SOLO HOME RUN (Flyball, 7D, EV 97.5 MPH), Distance : 375 ft
Batting: LHB Kole Hancock 0-0: Ball
1-0: Swinging Strike
1-1: DOUBLE (Flyball, 8RXD, EV 113.1 MPH)
Batting: SHB Daren Simmons 0-0: Ball
1-0: Ground out 6-3 (Groundball, 6, EV 105.0 MPH)
Batting: RHB Paul Wise 0-0: Swinging Strike
0-1: Ball
1-1: Called Strike
1-2: Strikes out swinging
Batting: LHB Cristian Trewhella 0-0: Called Strike
0-1: Foul Ball, location: 7LDF
0-2: Ground out 6-3 (Groundball, 6MS, EV 65.6 MPH)
Bottom of the 9th over - 1 run, 2 hits, 0 errors, 1 left on base; Carlton 5 - East Sydney 4
Wednesday, May 1st , 2024 - OOTP Baseball 24.9 Build 80